 Dungeon Crawl Stone Soup version 0.18.1-50-g88ac8fd (webtiles) character file.

8335 Aramant the Cleaver (level 11, 0/58 HPs)
             Began as a Vine Stalker Fighter on Oct 2, 2016.
             Was a High Priest of the Shining One.
             Slain by an ice devil (8 damage)
             ... in an ice cave on Oct 3, 2016.
             The game lasted 00:56:59 (5994 turns).

Aramant the Cleaver (Vine Stalker Fighter)          Turns: 5994, Time: 00:57:05

Health: 0/58       AC: 11    Str: 26    XL:     11   Next: 29%
Magic:  0/13       EV: 13    Int:  8    God:    the Shining One [*****.]
Gold:   292        SH: 11    Dex: 15    Spells: 0 memorised, 10 levels left

rFire  x . .     SeeInvis .     a - +4 war axe
rCold  + . .     Gourm    .     p - +1 ring mail {rN+}
rNeg   + + +     Faith    .     c - +0 shield
rPois  .         Spirit   +     v - +1 helmet
rElec  .         Dismiss  .     (no cloak)
rCorr  .         Reflect  .     w - +1 pair of gloves
SustAt .         Harm     .     (no boots)
MR     +....                    G - amulet of magic regeneration
Stlth  +.........               L - ring of positive energy
                                D - ring of ice

@: mighty, glowing, somewhat resistant to hostile enchantments, very unstealthy
A: fangs 3, regeneration 2, magic shield, antimagic bite, no device heal 3, rot
immunity
a: Divine Shield, Cleansing Flame, Summon Divine Warrior, Renounce Religion


You were in an ice cave.
You worshipped the Shining One.
The Shining One was extremely pleased with you.
You were not hungry.

You visited 2 branches of the dungeon, and saw 11 of its levels.
You also visited: Ossuary and Ice Cave.

You collected 292 gold pieces.

Inventory:

Hand Weapons
 a - a +4 war axe (weapon)
Armour
 b - a +1 scale mail
 c - a +0 shield (worn)
 l - a +0 helmet
 p - a +1 ring mail of positive energy (worn)
 v - a +1 helmet (worn)
 w - a +1 pair of gloves (worn)
Magical Staves
 u - an uncursed staff of air {unknown}
Jewellery
 D - a ring of ice (left hand)
 G - an amulet of magic regeneration (around neck)
 J - an uncursed ring of ice
 L - a ring of positive energy (right hand)
Wands
 d - a wand of digging (4/24)
 e - a wand of lightning (0/15)
 m - a wand of digging (9/24)
 x - a wand of acid (0/15)
 y - a wand of acid (0/15)
Scrolls
 q - 2 scrolls of remove curse
 A - a scroll of blinking
 M - a scroll of teleportation
Potions
 g - 2 potions of curing
 i - a potion of agility
 n - 3 potions of flight
 r - a potion of lignification
 s - 2 potions of mutation {unknown}
 t - 2 potions of heal wounds {unknown}
 z - 2 potions of brilliance {unknown}
 B - a potion of magic {unknown}
 C - a potion of might
 E - a potion of resistance {unknown}
 F - 4 potions of cure mutation {unknown}
 K - a potion of cancellation {unknown}
Books
 I - a book of Power

   Spells                             Type                      Level
   a - Fulminant Prism                Conjuration/Hexes            4
   b - Iskenderun's Mystic Blast      Conjuration                  4
   c - Venom Bolt                     Conjuration/Poison           5
   d - Bolt of Magma                  Conjuration/Fire/Earth       5
   e - Iron Shot                      Conjuration/Earth            6
   f - Orb of Destruction             Conjuration                  7
   g - Spellforged Servitor           Conjuration/Summoning        7
Comestibles
 f - 8 bread rations
 h - a slice of pizza
 j - 4 meat rations
 k - 2 royal jellies
 o - 5 fruits
 H - a beef jerky


   Skills:
 + Level 7.5 Fighting
 + Level 8.4 Axes
 + Level 5.5 Armour
 + Level 6.3 Dodging
 + Level 1.6 Stealth
 + Level 7.3 Shields
 + Level 1.2 Invocations
 + Level 2.0 Evocations


You had 10 spell levels left.
You didn't know any spells.

Dungeon Overview and Level Annotations

Branches:
Dungeon (9/15)               Lair (2/8) D:9
 Temple: D:4-7          Orc: D:9-12

Altars:
Ashenzari
Cheibriados
Dithmenos
Elyvilon
Fedhas
Kikubaaqudgha
Nemelex Xobeh
Qazlal
Ru
Sif Muna
Trog
The Shining One


Innate Abilities, Weirdness & Mutations

You have razor-sharp teeth.
You heal very quickly.
When hurt, damage is shared between your health and your magic reserves.
Your bite disrupts and absorbs the magic of your enemies.
Potions and wands cannot restore your health.
You are immune to rotting.


Message History

You hit the ice devil but do no damage. Your bite misses the ice devil.
The ice devil is heavily wounded.
You hit the ice devil but do no damage.
The ice devil is lightly wounded.
The ice devil hits you but does no damage. x2
You completely miss the ice devil.
The ice devil is heavily wounded.
You hit the ice devil but do no damage.
The ice devil is lightly wounded.
You block the ice devil's attack.
The ice devil hits you but does no damage.
The ice devil hits you! The ice devil freezes you. You resist.
Drink which item? (? for menu, Esc to quit)
You feel very mighty all of a sudden. The ice devil hits you.
The ice devil freezes you! You resist.
* * * LOW HITPOINT WARNING * * *
The ice devil hits you.
* * * LOW HITPOINT WARNING * * *
The ice devil freezes you! You resist.
You die...

### ...# .....
..... ...... ####
......# ##..##
.......######....##
........4##.......#
⌠.......4@....∩∩..#
..................#
.......##..##....##
......# ######..##
...... #### ......
.....# ..#


You could see 2 ice devils.

Vanquished Creatures
  Fannar (Lair:1)
  Erica (Lair:1)
  Nergalle (Lair:1)
  A black mamba (Lair:2)
  2 spiny frogs
  Sigmund (D:6)
  A wyvern (D:9)
  7 yaks
  Grum (D:8)
  2 water moccasins
  3 porcupines
  An orc warrior (D:6)
  2 black bears
  A necrophage (D:6)
  3 centaurs
  2 ogres
  2 wolves (D:8)
  2 crocodiles
  The ghost of StormFighter the Conjurer, an amateur DECj (D:4)
  3 giant frogs
  A water moccasin zombie (Ossuary)
  A water moccasin skeleton (D:9)
  6 wights
  3 howler monkeys (D:9)
  2 centaur zombies
  5 bog bodies (Ossuary)
  A crimson imp (D:6)
  A wasp zombie (Ossuary)
  4 giant frog zombies
  2 hounds
  2 orc priests (D:6)
  5 orc wizards
  2 giant frog skeletons (D:4)
  A gnoll shaman (D:7)
  3 iguanas
  6 worker ants
  A killer bee zombie (D:9)
  A hound zombie (Ossuary)
  A hound skeleton (D:5)
  11 mummies (Ossuary)
  2 howler monkey zombies (Ossuary)
  2 worker ant zombies (Ossuary)
  14 gnolls
  29 river rats
  7 adders
  A shadow imp (D:9)
  2 oozes
  2 adder zombies (Ossuary)
  An adder skeleton (D:7)
  A worm (D:2)
  A dart slug (D:3)
  6 giant geckos
  14 orcs
  3 giant cockroaches
  6 goblins
  6 hobgoblins
  6 jackals
  5 kobolds
  A quokka (D:4)
  3 ball pythons
  A ball python zombie (D:6)
  12 bats
  A giant cockroach zombie (Ossuary)
  A giant gecko zombie (Ossuary)
  9 giant newts
  2 jackal zombies (Ossuary)
  2 quokka zombies
  11 rats
  3 fungi
  2 plants (D:9)
  2 withered plants (Ossuary)
255 creatures vanquished.

Vanquished Creatures (others)
  A bush (D:9)
  2 fungi (D:9)
  3 withered plants (Ossuary)
6 creatures vanquished.

Grand Total: 261 creatures vanquished

Notes
Turn   | Place    | Note
--------------------------------------------------------------
     0 | D:1      | Aramant the Vine Stalker Fighter began the quest for the Orb.
     0 | D:1      | Reached XP level 1. HP: 11/11 MP: 2/2
   182 | D:1      | Reached XP level 2. HP: 7/16 MP: 1/3
   391 | D:1      | Reached skill level 2 in Axes
   392 | D:1      | Reached XP level 3. HP: 17/20 MP: 2/4
   601 | D:2      | Found a shattered altar of Ashenzari.
   660 | D:2      | Reached skill level 1 in Dodging
   697 | D:2      | Found a glowing golden altar of the Shining One.
   702 | D:2      | Became a worshipper of the Shining One
   798 | D:2      | You fall through a shaft!
   862 | D:3      | Reached XP level 4. HP: 24/24 MP: 5/5
  1194 | D:3      | Found a bloodstained altar of Trog.
  1271 | D:3      | Found a sparkling altar of Nemelex Xobeh.
  1372 | D:3      | Found a sacrificial altar of Ru.
  1377 | D:3      | Reached XP level 5. HP: 28/28 MP: 6/6
  1478 | D:4      | Reached skill level 3 in Axes
  1478 | D:4      | Gained mutation: You heal very quickly. [Vine Stalker growth]
  1478 | D:4      | Reached XP level 6. HP: 14/32 MP: 5/7
  1544 | D:4      | Noticed StormFighter's ghost (amateur DECj)
  1560 | D:4      | Killed StormFighter's ghost
  1598 | D:4      | Found a shadowy altar of Dithmenos.
  1604 | D:4      | Reached XP level 7. HP: 28/37 MP: 8/8
  1678 | D:5      | Entered Level 5 of the Dungeon
  2244 | D:6      | Reached skill level 4 in Axes
  2261 | D:6      | Reached * piety under the Shining One
  2345 | D:6      | Gained mutation: You have razor-sharp teeth. [Vine Stalker growth]
  2345 | D:6      | Reached XP level 8. HP: 37/42 MP: 7/9
  2351 | D:6      | Found a white marble altar of Elyvilon.
  2355 | D:6      | Noticed Sigmund
  2372 | D:6      | Killed Sigmund
  2420 | D:6      | Reached skill level 5 in Fighting
  2703 | D:6      | Reached skill level 5 in Axes
  2703 | D:6      | Reached skill level 1 in Stealth
  2938 | D:6      | Reached ** piety under the Shining One
  2992 | D:7      | Found a sand-covered staircase.
  2997 | Ossuary  | Entered an ossuary
  3049 | Ossuary  | Reached XP level 9. HP: 47/47 MP: 10/10
  3060 | Ossuary  | Reached *** piety under the Shining One
  3171 | Ossuary  | Reached skill level 5 in Shields
  3194 | Ossuary  | Reached **** piety under the Shining One
  3594 | D:7      | Reached skill level 6 in Axes
  3693 | D:7      | Found a blossoming altar of Fedhas.
  3967 | D:8      | Noticed Grum
  3985 | D:8      | HP: 2/72 [wolf[Grum] (3)]
  3999 | D:8      | Killed Grum
  4187 | D:8      | Reached skill level 1 in Invocations
  4211 | D:8      | Found a snail-covered altar of Cheibriados.
  4490 | D:9      | Reached skill level 5 in Dodging
  4573 | D:9      | Found an ancient bone altar of Kikubaaqudgha.
  4580 | D:9      | Found a stormy altar of Qazlal.
  4580 | D:9      | Found a deep blue altar of Sif Muna.
  4612 | D:9      | Reached skill level 5 in Armour
  4612 | D:9      | Reached XP level 10. HP: 42/53 MP: 9/11
  4741 | D:9      | Found a staircase to the Lair.
  4811 | Lair:1   | Entered Level 1 of the Lair of Beasts
  4827 | Lair:1   | Noticed Fannar
  4836 | Lair:1   | Killed Fannar
  4836 | Lair:1   | Reached skill level 7 in Axes
  4856 | Lair:1   | Noticed a spiny frog
  4865 | Lair:1   | Killed a spiny frog
  5031 | Lair:1   | Noticed Erica
  5042 | Lair:1   | Killed Erica
  5042 | Lair:1   | Reached skill level 1 in Evocations
  5157 | Lair:1   | Reached XP level 11. HP: 30/58 MP: 10/13
  5219 | Lair:1   | Noticed Nergalle
  5243 | Lair:1   | Killed Nergalle
  5243 | Lair:1   | Reached skill level 8 in Axes
  5723 | Lair:2   | Reached ***** piety under the Shining One
  5959 | Lair:2   | Found a frozen archway.
  5974 | IceCv    | Entered an ice cave
  5994 | IceCv    | Slain by an ice devil

Skill      XL: |  1  2  3  4  5  6  7  8  9 10 11 |
---------------+----------------------------------+-----
Fighting       | 3 4 5 6 7 |  7.5
Axes           | 2 3 4 5 6 7 8 |  8.4
Dodging        | 1 2 3 5 6 |  6.3
Shields        | 3 4 6 7 |  7.3
Armour         | 3 4 5 |  5.5
Stealth        | 1 |  1.6
Invocations    | 1 |  1.2
Evocations     | 1 2 |  2.0

Action                   |  1- 3 |  4- 6 |  7- 9 | 10-12 || total
-------------------------+-------+-------+-------+-------++-------
Melee: War axe           |    98 |    62 |   339 |   151 ||   650
       Bite              |    19 |    22 |    98 |    43 ||   182
Invok: Divine Shield     |       |       |     1 |       ||     1
Evoke: Wand              |       |     2 |     4 |    14 ||    20
  Use: Scroll            |     5 |     2 |    14 |     5 ||    26
       Potion            |       |     1 |     2 |     4 ||     7
  Eat: Bread ration      |       |     1 |     2 |     1 ||     4
Armor: Scale mail        |    59 |    30 |    22 |       ||   111
       Ring mail         |       |       |    68 |    37 ||   105
       Skin              |       |       |    20 |     8 ||    28
Dodge: Dodged            |    38 |    23 |   116 |    79 ||   256
Block: Shield            |    62 |    29 |   182 |   105 ||   378
